 Dungeon Crawl Stone Soup version 0.30-b1-2-g02819fbbbe (webtiles) character file.

Game seed: 3386262372755912509

65 Borgoz the Sneak (level 4, 0/25 HPs)
             Began as a Kobold Enchanter on June 25, 2023.
             Slain by Terence
             ... wielding a +0 mace of pain
              (1 damage)
             ... on level 2 of the Dungeon.
             The game lasted 00:03:16 (1114 turns).

Borgoz the Sneak (Kobold Enchanter)                 Turns: 1114, Time: 00:03:17

Health: 0/25       AC:  2    Str:  7    XL:     4   Next: 35%
Magic:  7/7        EV: 15    Int: 16    God:
Gold:   13         SH:  0    Dex: 15    Spells: 4/7 levels left

rFire   . . .        a - +1 dagger
rCold   . . .        (no shield)
rNeg    . . .        b - +0 robe
rPois   .            (no helmet)
rElec   .            (no cloak)
rCorr   .            (no gloves)
SInv    .            (no boots)
Will    .....        (no amulet)
Stlth   ++++         (no ring)
HPRegen 0.24/turn    (no ring)
MPRegen 0.10/turn

%: no passive effects
@: lethally poisoned (0 -> -2), invisible (expiring)
A: small, no large weapons, nightstalker 3
a: no special abilities


You were on level 2 of the Dungeon.
You visited 1 branch of the dungeon, and saw 2 of its levels.

You collected 13 gold pieces.

Inventory:

Hand Weapons
 a - a +1 dagger (weapon)
Armour
 b - a +0 robe (worn)
 d - a +3 leather armour
 j - a +0 kite shield
Jewellery
 l - a ring of resist corrosion
Scrolls
 f - a scroll of teleportation {unknown}
 i - a scroll of enchant armour {unknown}
 k - a scroll of brand weapon {unknown}
 m - a scroll of identify {unknown}
Potions
 e - a potion of haste {unknown}
 g - 2 potions of flight {unknown}
 h - a potion of ambrosia {unknown}
 n - a potion of brilliance {unknown}


   Skills:
 * Level 1.3 Fighting
 * Level 2.7 Short Blades
 + Level 0.6 Armour
 * Level 3.2 Dodging
 + Level 4.3 Stealth
 + Level 2.4 Spellcasting
 + Level 3.1 Hexes


You had 4 spell levels left.
You knew the following spells:

 Your Spells              Type           Power      Damage    Failure   Level
a - Confusing Touch       Hex            12%        N/A       16%         3

Your spell library contained the following spells:

 Spells                   Type           Power      Damage    Failure   Level
 Ensorcelled Hibernation  Hex/Ice        14%        N/A       16%         2
 Tukima's Dance           Hex            12%        N/A       16%         3
 Dazzling Flash           Conj/Hex       14%        N/A       30%         3


Dungeon Overview and Level Annotations

Branches:
Dungeon (2/15)

Altars:

Annotations:
D:2 Terence


Innate Abilities, Weirdness & Mutations

You are small and have problems with some larger weapons.
You are completely attuned to the shadows.


Message History

Terence misses you.
You barely miss Terence. Your punch misses Terence.
Terence is heavily wounded.
Terence hits you with a +0 mace of pain.
You hit Terence.
Terence is heavily wounded.
Terence closely misses you.
You hit Terence but do no damage.
Terence is heavily wounded.
The adder completely misses you. Terence completely misses you.
You barely miss the adder.
The adder is moderately wounded.
The adder misses you.
You barely miss the adder.
The adder is moderately wounded.
The adder hisses angrily.
The adder barely misses you. Terence barely misses you.
You hit Terence.
Terence is severely wounded.
The adder barely misses you.
You miss the adder.
The adder is moderately wounded.
The adder bites you.
You are poisoned.
The adder poisons you!
You hit Terence but do no damage.
Terence is severely wounded.
You flicker for a moment.
You feel sick. Terence closely misses you.
You feel sick.
You hit Terence but do no damage.
Terence is severely wounded.
You feel sick. Terence misses you. The adder misses you.
You hit Terence but do no damage.
Terence is severely wounded.
You feel sick.
Terence hits you with a +0 mace of pain!
* * * LOW HITPOINT WARNING * * *
You writhe in agony.
You die...

...#####.....
..#......... .........<
..#..# #..#.#
.....###..#.#
###>.!##@.#.#
#....@S.#.# .#
#...##....# ##.#
....###..<.########..###
.##.#...................
. ...............<...#
#........####.#.##.#
.##......# #.#.# ......#
#.#.#


You could see Terence (unable to see you) and an adder (unable to see you).

Vanquished Creatures
  A gnoll (D:1)
  A worm (D:2)
  A dart slug (D:1)
  5 ball pythons (D:1)
  2 endoplasms
  2 giant cockroaches (D:1)
  9 goblins (D:1)
  2 hobgoblins (D:1)
  5 jackals (D:1)
  2 quokkas (D:1)
  6 bats
  2 frilled lizards (D:1)
  6 kobolds (D:1)
  A rat (D:1)
45 creatures vanquished.

Notes
Turn   | Place    | Note
-------+----------+-------------------------------------------
     0 | D:1      | Borgoz the Kobold Enchanter began the quest for the Orb.
     0 | D:1      | Reached XP level 1. HP: 10/10 MP: 3/3
    64 | D:1      | Reached XP level 2. HP: 16/16 MP: 5/5
   149 | D:1      | Reached skill level 1 in Fighting
   196 | D:1      | Reached XP level 3. HP: 6/20 MP: 6/6
   269 | D:1      | Learned a level 3 spell: Confusing Touch
   584 | D:1      | Reached XP level 4. HP: 25/25 MP: 7/7
  1091 | D:2      | Noticed Terence
  1114 | D:2      | HP: 1/25 [Terence/+0 mace of pain (10)]
  1114 | D:2      | Slain by Terence

Illustrated notes

Levels and vault maps discovered:
D:1:      lordsloth_arrival_two_stooges, layout_basic, minmay_misc_feat_rows,
          minmay_surrounded
D:2:      layout_loops_ring, uniq_terence, uniq_robin

Skill      XL: |  1  2  3 |
---------------+----------+-----
Fighting       | 1 |  1.3
Short Blades   | 2 |  2.7
Dodging        | 3 |  3.2
Armour         | |  0.6
Stealth        | |  4.3
Spellcasting   | |  2.4
Hexes          | |  3.1

Action                     |  1- 3 |  4- 6 || total
---------------------------+-------+-------++-------
  Melee: Dagger            |    85 |    44 ||   129
         Punch             |       |     1 ||     1
   Cast: Confusing Touch   |     1 |     1 ||     2
    Use: Potion            |     1 |     1 ||     2
   Stab: Sleeping          |    12 |     9 ||    21
         Distracted        |     2 |       ||     2
         Invisible         |     3 |     1 ||     4
         Confused          |     1 |       ||     1
 Armour: Robe              |    14 |     9 ||    23
  Dodge: Dodged            |    77 |    45 ||   122
